 Dungeon Crawl Stone Soup version 0.29.1-1-gd02db6906a (webtiles) character file.

Game seed: 3958294923934042701

4595 Ashen the Chiller (level 10, 77/77 HPs)
             Began as a Demonspawn Ice Elementalist on Sept 24, 2022.
             Got out of the dungeon alive.
             The game lasted 00:16:27 (9986 turns).

Ashen the Chiller (Demonspawn Ice Elementalist)     Turns: 9986, Time: 00:16:28

Health: 77/77      AC:  7    Str:  8    XL:     10   Next: 19%
Magic:  20/20      EV: 20    Int: 27    God:
Gold:   456        SH:  5    Dex: 19    Spells: 11/22 levels left

rFire   + . .      SeeInvis .   G - +5 great sword
rCold   . . .      Faith    .   (shield currently unavailable)
rNeg    . . .      Spirit   .   y - +1 robe of the Enchanted Forest {Int+2 Dex+5}
rPois   +          Reflect  +   (helmet restricted)
rElec   .          Harm     .   (no cloak)
rCorr   .          Rampage  .   I - +1 pair of gloves "Metay" {+Inv Fly rF+}
Will    .....                   d - +1 pair of boots
Stlth   +++.......              c - amulet of reflection
HPRegen 0.22/turn               l - ring of poison resistance
MPRegen 0.17/turn               x - +4 ring of evasion

@: flying
A: antennae 1, demonic guardian 1, big brain 2
a: Evoke Invisibility


You escaped.
You visited 1 branch of the dungeon, and saw 8 of its levels.
You also visited: Sewer.

You collected 456 gold pieces.

Inventory:

Hand Weapons
 D - a +1 short sword of venom
 G - a +5 great sword (weapon)
Missiles
 h - 2 datura-tipped darts (quivered)
 H - 16 poisoned darts
 J - 2 javelins
Armour
 d - a +1 pair of boots (worn)
 v - a +0 buckler
 y - the +1 robe of the Enchanted Forest (worn) {Int+2 Dex+5}
   (You found it on level 3 of the Dungeon)

   Int:       It affects your intelligence (+2).
   Dex:       It affects your dexterity (+5).
 I - the +1 pair of gloves "Metay" (worn) {+Inv Fly rF+}
   (You found it on level 7 of the Dungeon)

   rF:        It protects you from fire.
   +Inv:      It lets you turn invisible.
   Fly:       It grants you flight.
Magical Staves
 B - a staff of cold
Jewellery
 c - an amulet of reflection (around neck)
 l - a ring of poison resistance (left hand)
 x - a +4 ring of evasion (right hand)
Wands
 A - a wand of paralysis (23)
Scrolls
 a - a scroll of vulnerability {unknown}
 f - 8 scrolls of teleportation
 i - 6 scrolls of fear {unknown}
 m - 2 scrolls of enchant weapon {unknown}
 o - 3 scrolls of enchant armour
 q - a scroll of summoning {unknown}
 r - 2 scrolls of blinking {unknown}
 s - a scroll of identify
 u - a scroll of poison {unknown}
 w - a scroll of magic mapping {unknown}
 C - 2 scrolls of fog {unknown}
 K - a scroll of noise {unknown}
Potions
 b - 2 potions of magic
 e - 3 potions of haste {unknown}
 g - 3 potions of flight
 j - 2 potions of degeneration
 k - 4 potions of attraction
 n - 4 potions of lignification
 p - 2 potions of mutation
 t - 3 potions of heal wounds
 z - a potion of brilliance
 E - 2 potions of cancellation {unknown}
 F - a potion of invisibility {unknown}


   Skills:
 + Level 6.5 Fighting
 + Level 6.8 Dodging
 - Level 5.0 Stealth
 + Level 6.9 Spellcasting
 + Level 7.6 Ice Magic


You had 11 spell levels left.
You knew the following spells:

 Your Spells              Type           Power      Damage    Failure   Level
a - Freeze                Ice            100%       1d11      1%          1
b - Frozen Ramparts       Ice            100%       1d16      1%          3
c - Ozocubu's Armour      Ice            50%        N/A       1%          3
d - Hailstorm             Conj/Ice       30%        3d8       12%         4

Your spell library contained the following spells:

 Spells                   Type           Power      Damage    Failure   Level
 Ensorcelled Hibernation  Hex/Ice        60%        N/A       1%          2
 Apportation              Tloc           18%        N/A       6%          1
 Necrotise                Necr           36%        1d5       6%          1
 Sandblast                Erth           18%        2d7       6%          1
 Summon Small Mammal      Summ           36%        N/A       6%          1
 Passwall                 Tmut/Erth      7%         N/A       9%          2
 Sublimation of Blood     Necr           9%         N/A       9%          2
 Portal Projectile        Hex/Tloc       18%        N/A       19%         3
 Stone Arrow              Conj/Erth      18%        3d8       19%         3
 Tukima's Dance           Hex            9%         N/A       19%         3
 Iskenderun's Mystic Bla  Conj/Tloc      9%         2d4       52%         4
 Passage of Golubria      Tloc           9%         N/A       52%         4
 Petrify                  Tmut/Erth      9%         N/A       52%         4
 Irradiate                Conj/Tmut      4%         3d13      86%         5
 Yara's Violent Unravell  Hex/Tmut       4%         3d4       86%         5


Dungeon Overview and Level Annotations

Branches:
Dungeon (8/15)             Temple (0/1) D:4           Sewer (visited)
   Lair: D:8-11

Altars:
Qazlal
Trog

Annotations:
D:4 exclusion: oklob sapling


Innate Abilities, Weirdness & Mutations

You have a pair of small antennae on your head.
A weak demonic guardian rushes to your aid.
You have an extremely huge brain. (Int +4)


Message History

What level of the Dungeon? (default 1, ? - help)
There is a stone staircase leading up here.
You fly upwards.
There is a stone staircase leading down here.
You see here a +0 robe.
There is a stone staircase leading up here.
You fly upwards.
There is a stone staircase leading down here.
Things that are here:
a +0 leather armour; a +0 short sword
There is a stone staircase leading up here.
You fly upwards.
There is a stone staircase leading down here.
There is a stone staircase leading up here.
You fly upwards.
Level annotation: exclusion: oklob sapling
There is a stone staircase leading down here.
There is a stone staircase leading up here.
You fly upwards.
There is a stone staircase leading down here.
There is a stone staircase leading up here.
You fly upwards.
There is a stone staircase leading down here.
You see here a quokka skeleton.
There is a stone staircase leading up here.
You fly upwards.
There is a stone staircase leading down here.
You reach down and open the door.
There is an open door here.
You reach down and open the door.
There is an open door here.
You see here a +0 dagger.
You see here a +0 dagger.
HP restored.
You reach down and open the door.
There is an open door here.
There is an open door here.
There is a staircase leading out of the dungeon here.
Are you sure you want to leave the Dungeon?
This will make you lose the game!
You have escaped!

##.## #...##.....#..# ##### #.#
##.############ #.... #.# #.####
#...# #.### #.# #....# #.8.#
#.### #.# ###### #...# #.... ##.#
###'### #.### ...#
#####.....#####.... ####
#...#.....#...#####
#.@.'..8..+.8.# # #
###...#.....#...# ## ##
##.#####.....########.
.###########....###'###'#...##...
............................+....
.###########................##.#.
.# #.......#.......###.#. .#
#.>.....##.....## #.#. .#
##.......###...## #.#.


There were no monsters in sight!

Vanquished Creatures
  Pikel (D:6)
  A troll (D:7)
  Prince Ribbit (D:6)
  2 steam dragons (D:8)
  Edmund (D:6)
  Grum (D:8)
  An acid dragon (D:7)
  A water moccasin (D:6)
  Duvessa (D:6)
  3 sky beasts (D:8)
  2 ice beasts
  A black bear (D:5)
  2 wolves (D:8)
  An ogre (D:5)
  3 centaurs
  2 lemures (D:6)
  A phantom (D:6)
  2 kobold brigands
  A necrophage (D:6)
  4 bullfrogs
  A scorpion (D:6)
  5 wights (D:6)
  Dowan (D:6)
  2 vampire bats (D:7)
  A howler monkey (D:7)
  A gnoll bouda (D:5)
  2 orc priests
  A hound (D:4)
  4 jellies
  2 iguanas (D:6)
  9 orc wizards
  Natasha (twice) (D:2)
  12 gnolls
  12 adders
  A river rat (Sewer)
  2 white imps
  2 ufetubi (D:7)
  A worm (D:3)
  4 dart slugs
  26 orcs
  8 ball pythons
  17 endoplasms
  3 giant cockroaches
  11 goblins
  8 hobgoblins
  7 jackals
  A quokka (D:2)
  15 bats
  3 frilled lizards (D:1)
  13 kobolds
  6 rats
215 creatures vanquished.

Vanquished Creatures (others)
  3 plants (D:4)
3 creatures vanquished.

Grand Total: 218 creatures vanquished

Notes
Turn   | Place    | Note
-------+----------+-------------------------------------------
     0 | D:1      | Ashen the Demonspawn Ice Elementalist began the quest for
                  | the Orb.
     0 | D:1      | Reached XP level 1. HP: 13/13 MP: 3/3
   283 | D:1      | Found a faded altar of an unknown god.
   357 | D:1      | Gained mutation: You have an unusually large brain. (Int
                  | +2) [demonic ancestry]
   357 | D:1      | Reached XP level 2. HP: 19/19 MP: 0/5
   966 | D:1      | Reached XP level 3. HP: 15/24 MP: 1/6
  2036 | D:2      | Noticed Natasha
  2043 | D:2      | Killed Natasha
  2044 | D:2      | Reached skill level 4 in Ice Magic
  2044 | D:2      | Reached XP level 4. HP: 30/30 MP: 3/7
  2100 | D:2      | Found a stormy altar of Qazlal.
  2436 | D:2      | Noticed Natasha
  2444 | D:2      | Killed Natasha
  2836 | D:3      | You fall into a shaft and drop 1 floor!
  2971 | D:4      | Found a staircase to the Ecumenical Temple.
  3045 | D:3      | Gained mutation: You have an extremely huge brain. (Int +4)
                  | [demonic ancestry]
  3045 | D:3      | Reached XP level 5. HP: 22/35 MP: 5/9
  3742 | D:3      | Learned a level 3 spell: Frozen Ramparts
  3746 | D:3      | Learned a level 3 spell: Ozocubu's Armour
  3786 | D:3      | Identified the +1 robe of the Enchanted Forest {Int+2
                  | Dex+5}
  4128 | D:4      | Reached XP level 6. HP: 39/41 MP: 3/10
  4341 | D:4      | Learned a level 4 spell: Hailstorm
  4632 | D:5      | Entered Level 5 of the Dungeon
  4668 | D:5      | Reached skill level 1 in Fighting
  4835 | D:5      | Gained mutation: You have a pair of small antennae on your
                  | head. [demonic ancestry]
  4835 | D:5      | Reached XP level 7. HP: 48/49 MP: 6/12
  4842 | D:5      | Found a bloodstained altar of Trog.
  4965 | D:5      | Reached skill level 5 in Ice Magic
  5032 | D:5      | Got Varis's Almanac of Freezing Orientation
  5752 | D:6      | Found a glowing drain.
  5791 | Sewer    | Entered a sewer
  6018 | Sewer    | Reached XP level 8. HP: 57/57 MP: 9/14
  6740 | D:6      | Noticed Dowan
  6746 | D:6      | Noticed Duvessa
  6768 | D:6      | Reached skill level 5 in Stealth
  7075 | D:6      | Reached skill level 5 in Spellcasting
  7079 | D:6      | Reached skill level 5 in Dodging
  7079 | D:6      | Reached skill level 6 in Ice Magic
  7375 | D:6      | Noticed Pikel
  7392 | D:6      | Killed Pikel
  7393 | D:6      | Reached XP level 9. HP: 53/66 MP: 11/17
  7678 | D:6      | Killed Duvessa
  7840 | D:6      | Killed Dowan
  8034 | D:6      | Noticed Edmund
  8035 | D:6      | Noticed Prince Ribbit
  8044 | D:6      | Killed Prince Ribbit
  8045 | D:6      | Reached skill level 5 in Fighting
  8045 | D:6      | Killed Edmund
  8355 | D:7      | Noticed a troll
  8394 | D:7      | Killed a troll
  8607 | D:7      | Reached skill level 7 in Ice Magic
  8633 | D:7      | Identified the +1 pair of gloves "Metay" {+Inv Fly rF+}
  9722 | D:8      | Noticed Grum
  9729 | D:8      | Gained mutation: A weak demonic guardian rushes to your
                  | aid. [demonic ancestry]
  9729 | D:8      | Reached XP level 10. HP: 71/76 MP: 13/20
  9730 | D:8      | Killed Grum
  9986 | D:$      | Got out of the dungeon alive.

Illustrated notes

Levels and vault maps discovered:
D:1:      minmay_arrival_stair_chambers, layout_loops_corners,
          chequers_ecumenical_altar_simple_redux, serial_bayou_pond_c,
          minmay_pentomino_r4
D:2:      layout_loops_cross, basic_altar, uniq_natasha
D:3:      layout_loops_ring, st_stairs_7
D:4:      layout_cave_pools, minmay_temple_entry_oklob, serial_bayou_pond_b,
          dk_noncrumbling_3, hangedman_abyss_or_decor_passed
D:5:      layout_loops_ring, mainiacjoe_overflow_boulevard,
          hangedman_abyss_or_decor_lesser_grid, serial_park_tiny_2,
          nicolae_figureground_pulse
D:6:      layout_loops_ring, gup_sewer_entry_glass, uniq_duvessa, uniq_edmund,
          uniq_prince_ribbit1, uniq_pikel
D:7:      layout_rooms, mainiacjoe_overflow_paths, grunt_ministairs_9,
          roderic_batcave
D:8:      layout_cave_pods, hangedman_misty_isle, uniq_grum

Skill      XL: |  1  2  3  4  5  6  7  8  9 |
---------------+----------------------------+-----
Stealth        | 2 3 4 5 |  5.0
Dodging        | 2 3 4 5 6 |  6.8
Ice Magic      | 4 5 6 7 |  7.6
Spellcasting   | 3 4 5 6 |  6.9
Fighting       | 1 2 4 6 |  6.5

Action                   |  1- 3 |  4- 6 |  7- 9 | 10-12 || total
-------------------------+-------+-------+-------+-------++-------
Melee: Unarmed           |     5 |       |       |       ||     5
       Short sword       |    60 |    81 |   115 |       ||   256
       Punch             |       |     1 |     3 |       ||     4
       Staff             |       |       |    30 |       ||    30
       Great sword       |       |       |    61 |     6 ||    67
Throw: Dart              |       |       |     2 |       ||     2
 Cast: Freeze            |    37 |    69 |    32 |       ||   138
       Frozen Ramparts   |       |     4 |    30 |     1 ||    35
       Ozocubu's Armour  |       |     2 |    20 |     1 ||    23
  Use: Potion            |       |     1 |       |       ||     1
       Scroll            |       |       |     9 |       ||     9
 Stab: Sleeping          |     5 |     8 |     7 |       ||    20
       Distracted        |     1 |       |       |       ||     1
Armor: Robe              |    17 |    29 |    50 |     4 ||   100
Dodge: Dodged            |    46 |   100 |   185 |    13 ||   344
Block: Other             |    10 |    35 |    59 |     3 ||   107
       Reflection        |       |       |     1 |       ||     1
